 Dungeon Crawl Stone Soup version 0.19-a0-1821-g42c593c (webtiles) character file.

30 Amnesiac the Cudgeler (level 3, 0/39 HPs)
             Began as an Ogre Abyssal Knight on Oct 6, 2016.
             Was a Follower of Lugonu.
             Succumbed to an adder's poison
             ... on level 2 of the Dungeon.
             The game lasted 00:02:29 (1410 turns).

Amnesiac the Cudgeler (Ogre Abyssal Knight)         Turns: 1410, Time: 00:02:29

Health: 0/39       AC:  3    Str: 17    XL:     3   Next: 20%
Magic:  4/4        EV: 15    Int: 16    God:    Lugonu [*.....]
Gold:   70         SH:  0    Dex: 15    Spells: 0 memorised, 2 levels left

rFire  + . .     SeeInvis .     a - +1 mace
rCold  + . .     Gourm    .     b - +0 robe
rNeg   . . .     Faith    .     (no shield)
rPois  +         Spirit   .     (helmet restricted)
rElec  +         Dismiss  .     (no cloak)
rCorr  +         Reflect  .     (gloves unavailable)
MR     .....     Harm     .     (boots unavailable)
Stlth  ++........               (no amulet)
                                (no ring)
                                (no ring)

@: brilliant, agile, lethally poisoned (0 -> -1), resistant
A: unfitting armour, tough skin 1
a: Depart the Abyss, Renounce Religion


You were on level 2 of the Dungeon.
You worshipped Lugonu.
Lugonu was aware of your devotion.
You were not hungry.

You visited 1 branch of the dungeon, and saw 2 of its levels.
You visited the Abyss 1 time.

You collected 70 gold pieces.

Inventory:

Hand Weapons
 a - a +1 mace (weapon)
Missiles
 g - 6 exploding tomahawks (quivered)
Armour
 b - a +0 robe (worn)
Wands
 f - a wand of iceblast (6/15)
Scrolls
 e - a scroll of remove curse {unknown}
 h - a scroll of enchant weapon {unknown}
 i - 3 scrolls of random uselessness {unknown}
 k - a scroll of blinking {unknown}
 o - a scroll of identify {unknown}
Comestibles
 c - 3 bread rations
 m - 4 chunks of flesh


   Skills:
 - Level 4.0 Fighting
 + Level 4.7 Maces & Flails
 - Level 2.1 Dodging
 - Level 2.0 Invocations


You had 2 spell levels left.
You didn't know any spells.

Dungeon Overview and Level Annotations

Branches:
Dungeon (2/15)

Altars:


Innate Abilities, Weirdness & Mutations

You are too large for most types of armour.
You have tough skin. (AC +1)


Message History

You continue eating.
You feel sick.
You finish eating.
This raw flesh tastes terrible.
You feel sick. x4
Your transformation is almost over.
You start resting.
You feel sick. x3
You feel less woody.
Your +0 robe unmelds from your body.
It was a potion of resistance.
You feel protected.
There is a lethal amount of poison in your body!
It was a potion of agility.
You feel agile all of a sudden.
* * * LOW HITPOINT WARNING * * *
You feel sick.
It was a potion of brilliance.
You feel clever all of a sudden.
m - 4 chunks of flesh (gained 2)
There is a lethal amount of poison in your body!
Unknown command.
You die...

#.##....##....
#.#
#.####..##.....
#.# #.####..#
#...#### #.#
#.......#
#.....###.#
######.##
#..<.....# #.#
#.#.#†##..# #.#
#.......# #.####
#.#.....# #..@.#
#.#.#..##
####..[......#..#
####.#......#
#.#.....#.


There were no monsters in sight!

Vanquished Creatures
  An adder (D:2)
  2 dart slugs (D:1)
  2 ball pythons
  A giant cockroach (D:1)
  6 jackals
  2 kobolds (D:1)
  A frilled lizard (D:2)
  A rat (D:1)
16 creatures vanquished.

Notes
Turn   | Place    | Note
-------+----------+-------------------------------------------
     0 | Abyss:1  | Amnesiac the Ogre Abyssal Knight began the quest for the Orb.
     0 | Abyss:1  | Reached XP level 1. HP: 24/24 MP: 2/2
    65 | Abyss:2  | Noticed an insubstantial wisp
    67 | Abyss:2  | Noticed an insubstantial wisp
    81 | Abyss:2  | Noticed a small abomination
    85 | D:1      | Escaped the Abyss
   508 | D:1      | Reached XP level 2. HP: 10/32 MP: 3/3
  1287 | D:2      | Reached * piety under Lugonu
  1382 | D:2      | Reached XP level 3. HP: 9/39 MP: 4/4
  1403 | D:2      | HP: 2/58 [poisoned by an adder]
  1410 | D:2      | Succumbed to an adder's poison

Vault maps used:
D:1:      dpeg_arrival_court, minmay_statues_item
D:2:      minmay_randomly_rotated_circles
Abyss:2:  serial_sigils_hangedman_snap

Skill      XL: |  1  2 |
---------------+-------+-----
Maces & Flails | 3 4 |  4.7
Fighting       | |  4.0
Dodging        | |  2.1
Invocations    | |  2.0

Action                   || total
-------------------------++-------
Melee: Mace              ||    74
Invok: Depart the Abyss  ||     1
  Use: Potion            ||     4
 Stab: Sleeping          ||     1
  Eat: Chunk             ||     2
Armor: Robe              ||    38
Dodge: Dodged            ||    58
